 Dungeon Crawl Stone Soup version 0.29.0-15-g675c0067aa (webtiles) character file.

Game seed: 8121868645772623840

144224 qw the Warrior (level 16, -1/238 HPs)
             Began as a Minotaur Berserker on Sept 11, 2022.
             Was an Elder of Trog.
             Killed from afar by an electric eel (11 damage)
             ... with a bolt of electricity
             ... on level 1 of the Spider Nest.
             The game lasted 00:11:24 (31596 turns).

qw the Warrior (Minotaur Berserker)                Turns: 31596, Time: 00:11:24

Health: -1/238     AC: 28    Str: 24      XL:     16   Next: 84%
Magic:  15/15      EV: 15    Int:  6      God:    Trog [****..]
Gold:   352        SH: 19    Dex: 16 (17) Spells: 15/15 levels left

rFire   + . .      SeeInvis .   d - +7 broad axe of Infinity {vorpal, rPois Will+ Str-4 Dex+7}
rCold   + + .      Faith    .   c - +0 kite shield
rNeg    + . .      Spirit   .   v - +4 plate armour
rPois   +          Reflect  +   (helmet restricted)
rElec   .          Harm     .   m - scarf {rC+ rF+}
rCorr   .          Rampage  .   g - +2 pair of gloves
Will    +++..                   A - +2 pair of boots
Stlth   ..........              q - amulet of reflection
HPRegen 0.49/turn               n - ring of Stoicism {rPois rC+ rN+ Will+ Int-2}
MPRegen 0.14/turn               u - +4 ring of evasion

@: berserking, very quick
A: horns 2, retaliatory headbutt, clever 1, deterioration 1
a: Renounce Religion, Berserk, Trog's Hand, Brothers in Arms


You were on level 1 of the Spider Nest.
You worshipped Trog.
Trog was greatly pleased with you.
You visited 4 branches of the dungeon, and saw 23 of its levels.

You collected 2647 gold pieces.
You spent 2295 gold pieces at shops.


Innate Abilities, Weirdness & Mutations

You have a pair of horns on your head.
You reflexively headbutt those who attack you in melee.
Your mind is acute. (Int +4, Str/Dex -1)
Your body sometimes deteriorates upon taking damage.


   Skills:
 - Level 18.5 Fighting
 - Level 18.0 Axes
 - Level 8.1 Throwing
 - Level 16.0 Armour
 + Level 9.3 Dodging
 - Level 16.5 Shields


You had 15 spell levels left.
You didn't know any spells.
Your spell library was empty.

Inventory:

Hand Weapons
 d - the +7 broad axe of Infinity (weapon) {vorpal, rPois Will+ Str-4 Dex+7}
   (You acquired it on level 15 of the Dungeon)

   It inflicts extra damage upon your enemies.
   Str:       It affects your strength (-4).
   Dex:       It affects your dexterity (+7).
   rPois:     It protects you from poison.
   Will:      It increases your willpower.
 o - a +0 morningstar
Missiles
 y - 3 boomerangs (quivered)
 B - 2 javelins
Armour
 c - a +0 kite shield (worn)
 g - a +2 pair of gloves (worn)
 m - a scarf of resistance (worn)
 v - a +4 plate armour (worn)
 z - a +0 cloak
 A - a +2 pair of boots (worn)
Jewellery
 n - the ring of Stoicism (left hand) {rPois rC+ rN+ Will+ Int-2}
   (You took it off a tengu warrior on level 9 of the Dungeon)

   [ring of positive energy]

   Int:       It affects your intelligence (-2).
   rC:        It protects you from cold.
   rPois:     It protects you from poison.
   rN:        It protects you from negative energy.
   Will:      It increases your willpower.
 q - an amulet of reflection (around neck)
 s - a ring of poison resistance
 u - a +4 ring of evasion (right hand)
 w - a ring of fire
 x - a ring of see invisible
 C - a +6 ring of strength
 Y - the ring "Tikhliosa" {rPois rF++ rC+ Dex+4 Slay-3}
   (You bought it in a shop on level 15 of the Dungeon)

   [ring of protection from cold]

   Dex:       It affects your dexterity (+4).
   Slay:      It affects your accuracy & damage with ranged weapons and melee
   (-3).
   rF:        It greatly protects you from fire.
   rC:        It protects you from cold.
   rPois:     It protects you from poison.
Wands
 t - a wand of digging (17)
Scrolls
 h - 7 scrolls of teleportation
 i - 11 scrolls of identify
Potions
 a - 5 potions of haste
 b - 6 potions of heal wounds
 e - 6 potions of curing
 j - 2 potions of might
 p - 2 potions of cancellation
 r - 4 potions of mutation

Dungeon Overview and Level Annotations

Branches:
Dungeon (15/15)            Temple (0/1) D:7            Lair (5/5) D:8
 Shoals (0/4) Lair:2       Spider (1/4) Lair:2        Slime (0/5) Lair:5
    Orc (2/2) D:9             Elf (0/3) Orc:2        Vaults (0/5) D:14
 Depths (0/4) D:15

Altars:
Elyvilon
Gozag
Kikubaaqudgha
Nemelex Xobeh
Ru
Uskayaw
Wu Jian
Yredelemnul
The Shining One
Jiyva

Shops:
D:15 =   Orc:2 ?=:[

Annotations:
D:2 1 runed translucent door, Crazy Yiuf
D:3 3 runed translucent doors, qw's ghost, amateur GrFi
Lair:5 1 runed translucent door


Message History

The bolt of electricity hits the spark wasp.
The spark wasp completely resists.
The bolt of electricity hits you!
You slash the spark wasp!
The spark wasp is almost dead.
You slash the spark wasp! You block the spark wasp's attack.
The spark wasp stings you! The spark wasp shocks you!
The electric eel shoots out a bolt of lightning at you!
The bolt of electricity hits the spark wasp.
The spark wasp completely resists.
The bolt of electricity hits you but does no damage.
You slice the spark wasp!!
You kill the spark wasp!
Trog accepts your kill.
You slash the spark wasp!
You kill the spark wasp!
Trog accepts your kill.
Your Throwing skill increases to level 8!
The electric eel shoots out a bolt of lightning at you!
The bolt of electricity hits you.
The electric eel shoots out a bolt of lightning at you!
The bolt of electricity hits you!
You see here a spark wasp corpse.
You barely miss the electric eel. You headbutt the electric eel.
The electric eel is lightly wounded.
You slice the electric eel!!
You feel the power of Trog in you as your rage grows.
You kill the electric eel!
Trog accepts your kill.
You hear a splash.
The electric eel shoots out a bolt of lightning at you!
The bolt of electricity hits you but does no damage.
The electric eel shoots out a bolt of lightning at you!
The bolt of electricity hits you!
You feel a strong urge to attack something.
The electric eel shoots out a bolt of lightning at you!
The bolt of electricity hits you!
The electric eel shoots out a bolt of lightning at you!
The bolt of electricity hits you!
You die...

##... ## .~###
##.... ##~ ..~~#
##..... #~~~
..~~## ##..#...
#~~.##..S~#
#..##...
#~.....~~~#
##..###..
#~.^#...~# #...#
.# #~....S# ##...#
##
#~~..@~######...##
#~~..~###......##
###%.###..^.#..#
#..##....#..##
#..#.......^#
#.....#..###^#
#######.## .# .##
.. .# ..^


You could see 2 electric eels.

Vanquished Creatures
  Frances (D:13)
  A ghost moth (Spider:1)
  A frost giant (D:15)
  2 orc warlords (Orc:2)
  A broodmother (Spider:1)
  An entropy weaver (Spider:1)
  A dire elephant (Lair:5)
  3 spark wasps (Spider:1)
  An ettin (Orc:2)
  Snorg (Lair:5)
  4 mummy priests (D:14)
  Josephine (D:12)
  A rakshasa (D:9)
  Erolcha (D:12)
  5 centaur warriors
  6 hydras
  A jorogumo (Spider:1)
  3 boulder beetles
  A radroach (Spider:1)
  An ogre mage (D:14)
  2 catoblepae (Lair:5)
  Erica (Lair:2)
  8 two-headed ogres
  10 death yaks
  5 tengu warriors
  An orc high priest (Orc:2)
  A shock serpent (shapeshifter) (D:13)
  Urug (D:14)
  A pharaoh ant (Spider:1)
  2 sun moths (Spider:1)
  Lodul (D:11)
  2 orb spiders (Spider:1)
  2 lindwurms (Lair:5)
  10 orc knights
  A wolf spider (shapeshifter) (D:9)
  4 wolf spiders (Spider:1)
  21 ugly things
  8 orc sorcerers (Orc:2)
  3 oklob plants (Lair:5)
  8 manticores
  8 cyclopes
  An elephant (Lair:5)
  4 black mambas
  5 cane toads
  7 torpor snails
  2 unseen horrors
  2 gargoyles
  4 komodo dragons (Lair:5)
  A freezing wraith (D:15)
  4 rime drakes
  3 kobold demonologists
  2 demonic crawlers (Spider:1)
  A guardian mummy (D:14)
  9 trolls
  4 tyrant leeches (Lair:5)
  2 polar bears
  10 saltlings (Orc:2)
  A raiju (shapeshifter) (D:15)
  A wind drake (Lair:2)
  7 hornets
  20 blink frogs
  7 dream sheep (Lair:5)
  8 tarantellas (Spider:1)
  8 slime creatures
  3 shadows
  Sigmund (D:5)
  8 jumping spiders (Spider:1)
  41 yaks
  9 culicivoras (Spider:1)
  6 wyverns
  A human (shapeshifter) (D:14)
  7 wraiths
  A steam dragon (D:9)
  16 humans (D:14)
  6 basilisks
  28 redbacks
  Eustachio (D:5)
  6 vampire mosquitoes
  8 wargs
  Menkaure (D:7)
  6 acid dragons
  16 water moccasins
  A water moccasin (shapeshifter) (D:15)
  18 orc warriors
  An ice beast (D:6)
  3 sky beasts (D:7)
  4 black bears
  16 wolves
  10 centaurs
  14 ogres
  A phantom (D:6)
  7 kobold brigands
  Blork the orc (D:4)
  3 gnoll sergeants
  11 bullfrogs
  A necrophage (D:6)
  3 scorpions
  10 wights
  11 killer bees
  A killer bee (shapeshifter) (D:9)
  A vampire bat (Lair:2)
  4 howler monkeys
  An electric eel (Spider:1)
  5 hounds
  2 jellies
  A gnoll bouda (D:7)
  13 orc priests
  4 iguanas (D:5)
  26 orc wizards
  Terence (D:2)
  4 mummies (D:14)
  20 gnolls
  11 adders
  2 white imps
  An ufetubus (D:3)
  3 worms
  2 dart slugs (D:1)
  63 orcs
  5 ball pythons
  11 endoplasms
  5 giant cockroaches
  10 goblins
  3 hobgoblins
  34 kobolds
  3 quokkas
  15 bats
  8 frilled lizards
  8 rats
  2 pillars of salt (Orc:2)
799 creatures vanquished.

Vanquished Creatures (collateral kills)
  3 hydras
  Sonja (D:11)
  An orb spider (Spider:1)
  2 elephants (Lair:5)
  A troll (D:9)
  A blink frog (Lair:3)
  A redback (Spider:1)
10 creatures vanquished.

Vanquished Creatures (others)
  A wizard (D:15)
  A human (D:4)
  An orc priest (Orc:2)
  52 fungi
  A pillar of salt (Orc:2)
  52 plants
108 creatures vanquished.

Grand Total: 917 creatures vanquished

Notes
Turn   | Place    | Note
-------+----------+-------------------------------------------
     0 | D:1      | qw the Minotaur Berserker began the quest for the Orb.
     0 | D:1      | Reached XP level 1. HP: 19/19 MP: 0/0
     0 | D:1      | 0 ||| qw: Version: 0.1-a-119-g272c26d
     0 | D:1      | 0 ||| qw: Game counter: 10693
     0 | D:1      | 0 ||| qw: Always use a shield: true
     0 | D:1      | 0 ||| qw: Do Orc after D:15 true
     0 | D:1      | 0 ||| qw: Do second Lair branch before Depths: true
     0 | D:1      | 0 ||| qw: Lair rune preference: random
     0 | D:1      | 0 ||| qw: Plans: Normal
     0 | D:1      | 0 ||| PLANNING D:1-11
   281 | D:1      | 281 ||| SWAPPING to +0 war axe.
   314 | D:1      | 314 ||| DROPPING +0 hand axe.
   413 | D:1      | Reached XP level 2. HP: 26/26 MP: 1/1
   447 | D:1      | 447 ||| DROPPING +0 club.
  1152 | D:1      | 1152 ||| Stepping ~*~*~tactically~*~*~ (stealth).
  1184 | D:1      | Reached XP level 3. HP: 26/31 MP: 2/2
  1560 | D:1      | 1560 ||| UPGRADING to +0 kite shield.
  1565 | D:1      | 1565 ||| UPGRADING to +0 chain mail.
  1575 | D:1      | 1575 ||| DROPPING +0 animal skin.
  1576 | D:1      | 1576 ||| READING scroll labelled DEGGIKUHEH.
  1577 | D:1      | 1577 ||| READING scroll labelled BISAASIRES.
  1601 | D:2      | Found a faded altar of an unknown god.
  1602 | D:2      | Noticed Terence
  1604 | D:2      | 1604 ||| INVOKING Berserk.
  1605 | D:2      | 1605 ||| INVOKING Berserk.
  1608 | D:2      | Killed Terence
  1750 | D:2      | 1750 ||| DROPPING +0 mace.
  1917 | D:2      | Reached XP level 4. HP: 37/39 MP: 3/3
  1995 | D:2      | Reached skill level 3 in Shields
  2003 | D:2      | 2003 ||| Stepping ~*~*~tactically~*~*~ (stealth).
  2004 | D:2      | 2004 ||| Stepping ~*~*~tactically~*~*~ (stealth).
  2005 | D:2      | 2005 ||| Stepping ~*~*~tactically~*~*~ (stealth).
  2006 | D:2      | 2006 ||| Stepping ~*~*~tactically~*~*~ (stealth).
  2010 | D:2      | Reached ** piety under Trog
  2077 | D:2      | 2077 ||| Stepping ~*~*~tactically~*~*~ (stealth).
  2329 | D:2      | Found a runed translucent door.
  2330 | D:2      | Noticed Crazy Yiuf
  2393 | D:2      | 2393 ||| Stepping ~*~*~tactically~*~*~ (hiding).
  2702 | D:2      | 2702 ||| UPGRADING to +3 scale mail of cold resistance.
  2712 | D:2      | 2712 ||| UPGRADING to +6 ring of dexterity.
  2713 | D:2      | 2713 ||| READING scroll labelled EGYXELOAGHOU.
  2739 | D:3      | Found a runed translucent gate.
  2739 | D:3      | Found an opulent altar of Gozag.
  2747 | D:3      | Found a runed translucent gate.
  2747 | D:3      | Found a runed translucent gate.
  2747 | D:3      | Noticed qw's ghost (amateur GrFi)
  2895 | D:3      | 2895 ||| Stepping ~*~*~tactically~*~*~ (stealth).
  2953 | D:3      | 2953 ||| Stepping ~*~*~tactically~*~*~ (stealth).
  2977 | D:3      | Reached XP level 5. HP: 43/45 MP: 4/4
  3382 | D:3      | 3382 ||| Stepping ~*~*~tactically~*~*~ (hiding).
  3383 | D:3      | 3383 ||| Stepping ~*~*~tactically~*~*~ (hiding).
  3387 | D:3      | 3387 ||| INVOKING Berserk.
  3391 | D:3      | Reached skill level 6 in Axes
  3959 | D:3      | 3959 ||| READING scroll labelled JIATUT REMICO.
  3960 | D:3      | 3960 ||| DRINKING 3 clear potions.
  4112 | D:4      | 4112 ||| Stepping ~*~*~tactically~*~*~ (hiding).
  4116 | D:4      | 4116 ||| INVOKING Berserk.
  4118 | D:4      | Reached XP level 6. HP: 51/51 MP: 5/5
  4176 | D:4      | 4176 ||| DROPPING +4 mace.
  4189 | D:4      | 4189 ||| Stepping ~*~*~tactically~*~*~ (stealth).
  4190 | D:4      | 4190 ||| Stepping ~*~*~tactically~*~*~ (stealth).
  4326 | D:4      | Found an ancient bone altar of Kikubaaqudgha.
  4338 | D:4      | Noticed a human
  4339 | D:4      | Killed a human
  4405 | D:4      | Reached *** piety under Trog
  4455 | D:4      | Noticed Blork the orc
  4456 | D:4      | 4456 ||| Stepping ~*~*~tactically~*~*~ (hiding).
  4460 | D:4      | 4460 ||| INVOKING Berserk.
  4463 | D:4      | Killed Blork the orc
  4666 | D:4      | 4666 ||| UPGRADING to ring of poison resistance.
  4667 | D:4      | 4667 ||| READING scroll labelled QYAHYO CADAJYR.
  4668 | D:4      | 4668 ||| DRINKING 2 murky cyan potions.
  4668 | D:4      | Gained mutation: Your body sometimes deteriorates upon
                  | taking damage. [potion of mutation]
  4668 | D:4      | Gained mutation: Your mind is acute. (Int +4, Str/Dex -1)
                  | [potion of mutation]
  4669 | D:4      | 4669 ||| READING 2 scrolls of identify.
  4669 | D:4      | 4669 ||| IDENTIFYING sedimented purple potion
  4690 | D:5      | Entered Level 5 of the Dungeon
  4691 | D:5      | 4691 ||| Stepping ~*~*~tactically~*~*~ (hiding).
  4692 | D:5      | 4692 ||| Stepping ~*~*~tactically~*~*~ (hiding).
  4694 | D:5      | 4694 ||| INVOKING Berserk.
  4701 | D:5      | Reached XP level 7. HP: 60/60 MP: 6/6
  4774 | D:5      | 4774 ||| Stepping ~*~*~tactically~*~*~ (hiding).
  4898 | D:5      | Noticed Eustachio
  4900 | D:5      | 4900 ||| Stepping ~*~*~tactically~*~*~ (stealth).
  4903 | D:5      | 4903 ||| Stepping ~*~*~tactically~*~*~ (stealth).
  4904 | D:5      | 4904 ||| Stepping ~*~*~tactically~*~*~ (hiding).
  4905 | D:5      | 4905 ||| INVOKING Berserk.
  4910 | D:5      | Killed Eustachio
  4911 | D:5      | Reached skill level 6 in Shields
  5029 | D:5      | Noticed Sigmund
  5030 | D:5      | 5030 ||| Stepping ~*~*~tactically~*~*~ (hiding).
  5040 | D:5      | 5040 ||| INVOKING Berserk.
  5044 | D:5      | Killed Sigmund
  5045 | D:5      | Reached skill level 9 in Axes
  5359 | D:5      | Reached XP level 8. HP: 68/68 MP: 7/7
  5366 | D:5      | Found a glowing golden altar of the Shining One.
  5607 | D:5      | 5607 ||| INVOKING Berserk.
  6192 | D:5      | 6192 ||| READING scroll labelled ATYTSOELITZ.
  6193 | D:5      | 6193 ||| READING scroll labelled XOIDYS GE RINE.
  6348 | D:5      | 6348 ||| DRINKING 2 emerald potions.
  6411 | D:6      | 6411 ||| INVOKING Berserk.
  6419 | D:6      | 6419 ||| DRINKING 2 potions of curing.
  6419 | D:6      | 6419 ||| (to cure confusion)
  6427 | D:6      | 6427 ||| DRINKING potion of curing.
  6427 | D:6      | 6427 ||| (to cure confusion)
  6532 | D:6      | 6532 ||| Stepping ~*~*~tactically~*~*~ (hiding).
  6539 | D:6      | Reached skill level 1 in Throwing
  6666 | D:6      | 6666 ||| Stepping ~*~*~tactically~*~*~ (stealth).
  6670 | D:6      | 6670 ||| Stepping ~*~*~tactically~*~*~ (stealth).
  6671 | D:6      | 6671 ||| Stepping ~*~*~tactically~*~*~ (stealth).
  6683 | D:6      | Reached skill level 6 in Fighting
  6691 | D:6      | 6691 ||| INVOKING Berserk.
  6697 | D:6      | Reached skill level 3 in Dodging
  7006 | D:6      | 7006 ||| Stepping ~*~*~tactically~*~*~ (stealth).
  7096 | D:6      | 7096 ||| SWAPPING to +4 war axe of freezing.
  7097 | D:6      | 7097 ||| DROPPING +1 war axe.
  7127 | D:6      | 7127 ||| READING scroll of enchant weapon.
  7127 | D:6      | 7127 ||| ENCHANTING +4 war axe of freezing.
  7158 | D:6      | Reached XP level 9. HP: 75/75 MP: 8/8
  7334 | D:6      | 7334 ||| Stepping ~*~*~tactically~*~*~ (stealth).
  7335 | D:6      | 7335 ||| Stepping ~*~*~tactically~*~*~ (stealth).
  7343 | D:6      | Found a basalt altar of Yredelemnul.
  7619 | D:6      | 7619 ||| DROPPING +0 chain mail.
  7620 | D:6      | 7620 ||| UPGRADING to +4 chain mail.
  7630 | D:6      | 7630 ||| DROPPING +3 scale mail of cold resistance.
  7631 | D:6      | 7631 ||| DROPPING +0 ring mail of fire resistance.
  7632 | D:6      | 7632 ||| UPGRADING to +0 cloak.
  7637 | D:6      | 7637 ||| UPGRADING to +0 pair of boots.
  7642 | D:6      | 7642 ||| UPGRADING to +4 ring of evasion.
  7644 | D:6      | 7644 ||| READING scroll labelled PUATIL CEKE.
  7645 | D:6      | 7645 ||| DRINKING 2 murky brown potions.
  7646 | D:6      | 7646 ||| READING 3 scrolls of identify.
  7646 | D:6      | 7646 ||| IDENTIFYING fizzy blue potion
  7647 | D:6      | 7647 ||| READING 2 scrolls of identify.
  7647 | D:6      | 7647 ||| IDENTIFYING fuming ruby potion
  7648 | D:6      | 7648 ||| DROPPING potion of lignification.
  7649 | D:6      | 7649 ||| DROPPING potion of brilliance.
  7659 | D:7      | 7659 ||| STAIRDANCE
  7664 | D:7      | 7664 ||| STAIRDANCE
  7667 | D:6      | Reached skill level 3 in Armour
  7727 | D:7      | Found a staircase to the Ecumenical Temple.
  7736 | D:7      | Reached **** piety under Trog
  7740 | D:7      | 7740 ||| Stepping ~*~*~tactically~*~*~ (stealth).
  7741 | D:7      | 7741 ||| Stepping ~*~*~tactically~*~*~ (stealth).
  7769 | D:7      | Noticed Menkaure
  7770 | D:7      | 7770 ||| Stepping ~*~*~tactically~*~*~ (hiding).
  7774 | D:7      | 7774 ||| INVOKING Berserk.
  7775 | D:7      | Killed Menkaure
  8024 | D:7      | 8024 ||| Stepping ~*~*~tactically~*~*~ (stealth).
  8026 | D:7      | 8026 ||| Stepping ~*~*~tactically~*~*~ (stealth).
  8028 | D:7      | 8028 ||| Stepping ~*~*~tactically~*~*~ (stealth).
  8114 | D:7      | 8114 ||| Stepping ~*~*~tactically~*~*~ (hiding).
  8117 | D:7      | 8117 ||| INVOKING Berserk.
  8129 | D:7      | Reached skill level 12 in Axes
  8302 | D:7      | 8302 ||| Stepping ~*~*~tactically~*~*~ (hiding).
  8308 | D:7      | 8308 ||| INVOKING Berserk.
  8640 | D:7      | 8640 ||| UPGRADING to amulet of guardian spirit.
  8645 | D:7      | 8645 ||| DROPPING amulet of faith.
  8646 | D:7      | 8646 ||| READING scroll labelled QEVYGE NUILY.
  8647 | D:7      | 8647 ||| READING scroll labelled SIESHR WANOPNUMMUACW.
  8709 | D:8      | 8709 ||| Stepping ~*~*~tactically~*~*~ (stealth).
  8714 | D:8      | 8714 ||| INVOKING Berserk.
  8719 | D:8      | Reached skill level 9 in Shields
  8734 | D:8      | Reached XP level 10. HP: 76/86 MP: 6/9
  8826 | D:8      | 8826 ||| Stepping ~*~*~tactically~*~*~ (hiding).
  8830 | D:8      | 8830 ||| Stepping ~*~*~tactically~*~*~ (hiding).
  8896 | D:8      | Found a staircase to the Lair.
  8897 | D:8      | 8897 ||| INVOKING Berserk.
  9065 | D:8      | 9065 ||| DROPPING +0 flail.
  9075 | D:8      | Noticed a manticore
  9081 | D:8      | 9081 ||| INVOKING Berserk.
  9084 | D:8      | Killed a manticore
  9096 | D:8      | 9096 ||| Stepping ~*~*~tactically~*~*~ (stealth).
  9208 | D:8      | 9208 ||| Stepping ~*~*~tactically~*~*~ (stealth).
  9496 | D:8      | 9496 ||| PLANNING LAIR
  9496 | D:8      | 9496 ||| UPGRADING to +1 pair of gloves.
  9501 | D:8      | 9501 ||| READING 2 scrolls of identify.
  9501 | D:8      | 9501 ||| IDENTIFYING sapphire potion
  9502 | D:8      | 9502 ||| DROPPING potion of magic.
  9525 | Lair:1   | Entered Level 1 of the Lair of Beasts
  9528 | Lair:1   | 9528 ||| INVOKING Berserk.
  9534 | Lair:1   | Reached skill level 6 in Armour
  9542 | Lair:1   | 9542 ||| Stepping ~*~*~tactically~*~*~ (stealth).
  9697 | Lair:1   | 9697 ||| INVOKING Berserk.
 10045 | Lair:1   | 10045 ||| Stepping ~*~*~tactically~*~*~ (hiding).
 10104 | Lair:1   | 10104 ||| Stepping ~*~*~tactically~*~*~ (stealth).
 10300 | Lair:1   | 10300 ||| INVOKING Berserk.
 10324 | Lair:1   | Reached XP level 11. HP: 84/94 MP: 10/10
 10568 | Lair:1   | 10568 ||| DROPPING amulet of magic regeneration.
 10569 | Lair:1   | 10569 ||| READING scroll labelled RUPE XIACOAS.
 10686 | Lair:2   | Found a staircase to the Shoals.
 10687 | Lair:2   | 10687 ||| INVOKING Berserk.
 10692 | Lair:2   | Reached skill level 15 in Axes
 10814 | Lair:2   | Noticed Erica
 10817 | Lair:2   | 10817 ||| INVOKING Berserk.
 10822 | Lair:2   | Killed Erica
 10823 | Lair:2   | Reached skill level 9 in Fighting
 11066 | Lair:2   | Found a hole to the Spider Nest.
 11213 | Lair:2   | 11213 ||| INVOKING Berserk.
 11357 | Lair:2   | 11357 ||| Stepping ~*~*~tactically~*~*~ (stealth).
 11363 | Lair:2   | 11363 ||| Stepping ~*~*~tactically~*~*~ (stealth).
 11521 | Lair:2   | 11521 ||| Stepping ~*~*~tactically~*~*~ (stealth).
 11523 | Lair:2   | 11523 ||| INVOKING Berserk.
 11850 | Lair:3   | Noticed a seven-headed hydra
 11851 | Lair:3   | 11851 ||| Stepping ~*~*~tactically~*~*~ (stealth).
 11853 | Lair:3   | 11853 ||| INVOKING Brothers in Arms.
 11854 | Lair:3   | 11854 ||| INVOKING Brothers in Arms.
 11855 | Lair:3   | 11855 ||| SWAPPING to +2 flail of draining.
 11856 | Lair:3   | 11856 ||| INVOKING Berserk.
 11858 | Lair:3   | Killed a seven-headed hydra
 11866 | Lair:3   | 11866 ||| SWAPPING to +5 war axe of freezing.
 11962 | Lair:3   | 11962 ||| INVOKING Berserk.
 12102 | Lair:3   | 12102 ||| Stepping ~*~*~tactically~*~*~ (stealth).
 12236 | Lair:3   | Noticed a five-headed hydra
 12237 | Lair:3   | 12237 ||| INVOKING Brothers in Arms.
 12238 | Lair:3   | 12238 ||| INVOKING Brothers in Arms.
 12239 | Lair:3   | 12239 ||| SWAPPING to +2 flail of draining.
 12240 | Lair:3   | 12240 ||| INVOKING Berserk.
 12246 | Lair:3   | Killed a five-headed hydra
 12247 | Lair:3   | Reached skill level 9 in Armour
 12247 | Lair:3   | Reached XP level 12. HP: 106/106 MP: 7/11
 12269 | Lair:3   | 12269 ||| SWAPPING to +5 war axe of freezing.
 12958 | Lair:3   | 12958 ||| DROPPING ring of flight.
 12959 | Lair:3   | 12959 ||| READING scroll labelled GEEF ITUIFRA.
 12960 | Lair:3   | 12960 ||| DRINKING 2 black potions.
 12961 | Lair:3   | 12961 ||| READING 3 scrolls of identify.
 12961 | Lair:3   | 12961 ||| IDENTIFYING smoky red potion
 12962 | Lair:3   | 12962 ||| DRINKING potion of experience.
 12962 | Lair:3   | Reached XP level 13. HP: 124/124 MP: 12/12
 13110 | Lair:4   | 13110 ||| READING scroll of enchant weapon.
 13110 | Lair:4   | 13110 ||| ENCHANTING +5 war axe of freezing.
 13432 | Lair:4   | 13432 ||| Stepping ~*~*~tactically~*~*~ (stealth).
 13442 | Lair:4   | 13442 ||| INVOKING Berserk.
 13452 | Lair:4   | Reached skill level 12 in Shields
 13832 | Lair:4   | 13832 ||| Stepping ~*~*~tactically~*~*~ (hiding).
 13983 | Lair:4   | 13983 ||| DRINKING 2 puce potions.
 13984 | Lair:4   | 13984 ||| DROPPING potion of invisibility.
 14030 | Lair:5   | Entered Level 5 of the Lair of Beasts
 14034 | Lair:5   | 14034 ||| INVOKING Berserk.
 14167 | Lair:5   | 14167 ||| INVOKING Berserk.
 14171 | Lair:5   | Found a viscous altar of Jiyva.
 14211 | Lair:5   | 14211 ||| FLEEEEING.
 14382 | Lair:5   | 14382 ||| Stepping ~*~*~tactically~*~*~ (stealth).
 14389 | Lair:5   | 14389 ||| Stepping ~*~*~tactically~*~*~ (stealth).
 14397 | Lair:5   | 14397 ||| Stepping ~*~*~tactically~*~*~ (stealth).
 14410 | Lair:5   | 14410 ||| INVOKING Berserk.
 14450 | Lair:5   | 14450 ||| Stepping ~*~*~tactically~*~*~ (stealth).
 14495 | Lair:5   | 14495 ||| INVOKING Berserk.
 14640 | Lair:5   | 14640 ||| Stepping ~*~*~tactically~*~*~ (stealth).
 14644 | Lair:5   | 14644 ||| INVOKING Berserk.
 14838 | Lair:5   | 14838 ||| Stepping ~*~*~tactically~*~*~ (stealth).
 14854 | Lair:5   | 14854 ||| Stepping ~*~*~tactically~*~*~ (stealth).
 14955 | Lair:5   | 14955 ||| Stepping ~*~*~tactically~*~*~ (stealth).
 15000 | Lair:5   | 15000 ||| Stepping ~*~*~tactically~*~*~ (stealth).
 15039 | Lair:5   | Noticed a dire elephant
 15040 | Lair:5   | 15040 ||| Stepping ~*~*~tactically~*~*~ (stealth).
 15042 | Lair:5   | 15042 ||| Stepping ~*~*~tactically~*~*~ (hiding).
 15047 | Lair:5   | 15047 ||| INVOKING Berserk.
 15056 | Lair:5   | Killed a dire elephant
 15171 | Lair:5   | 15171 ||| Stepping ~*~*~tactically~*~*~ (cloud).
 15172 | Lair:5   | 15172 ||| INVOKING Berserk.
 15356 | Lair:5   | 15356 ||| Stepping ~*~*~tactically~*~*~ (stealth).
 15361 | Lair:5   | 15361 ||| INVOKING Berserk.
 15366 | Lair:5   | Reached skill level 12 in Armour
 15548 | Lair:5   | 15548 ||| READING scroll of enchant armour.
 15548 | Lair:5   | 15548 ||| ENCHANTING +1 pair of gloves.
 15592 | Lair:5   | 15592 ||| Stepping ~*~*~tactically~*~*~ (stealth).
 15593 | Lair:5   | 15593 ||| Stepping ~*~*~tactically~*~*~ (stealth).
 15617 | Lair:5   | Found a hide-covered altar of Uskayaw.
 15617 | Lair:5   | Found an ornate altar of the Wu Jian Council.
 15622 | Lair:5   | 15622 ||| INVOKING Berserk.
 15641 | Lair:5   | Reached XP level 14. HP: 131/133 MP: 13/13
 15748 | Lair:5   | 15748 ||| Stepping ~*~*~tactically~*~*~ (stealth).
 15823 | Lair:5   | Reached skill level 15 in Fighting
 15843 | Lair:5   | 15843 ||| Stepping ~*~*~tactically~*~*~ (stealth).
 15845 | Lair:5   | 15845 ||| INVOKING Brothers in Arms.
 15846 | Lair:5   | 15846 ||| INVOKING Brothers in Arms.
 15847 | Lair:5   | 15847 ||| INVOKING Brothers in Arms.
 15848 | Lair:5   | 15848 ||| INVOKING Brothers in Arms.
 15849 | Lair:5   | 15849 ||| Stepping ~*~*~tactically~*~*~ (stealth).
 15851 | Lair:5   | 15851 ||| INVOKING Brothers in Arms.
 15852 | Lair:5   | 15852 ||| INVOKING Brothers in Arms.
 15853 | Lair:5   | 15853 ||| INVOKING Brothers in Arms.
 15854 | Lair:5   | 15854 ||| INVOKING Brothers in Arms.
 15855 | Lair:5   | 15855 ||| SWAPPING to +2 flail of draining.
 15856 | Lair:5   | 15856 ||| INVOKING Berserk.
 15886 | Lair:5   | 15886 ||| SWAPPING to +6 war axe of freezing.
 15890 | Lair:5   | Noticed Snorg
 15891 | Lair:5   | 15891 ||| FLEEEEING.
 15893 | Lair:5   | 15893 ||| FLEEEEING.
 15894 | Lair:5   | 15894 ||| FLEEEEING.
 15895 | Lair:5   | 15895 ||| FLEEEEING.
 15896 | Lair:5   | 15896 ||| FLEEEEING.
 15897 | Lair:5   | 15897 ||| FLEEEEING.
 15898 | Lair:5   | 15898 ||| FLEEEEING.
 15899 | Lair:5   | 15899 ||| FLEEEEING.
 15900 | Lair:5   | 15900 ||| FLEEEEING.
 15901 | Lair:5   | 15901 ||| FLEEEEING.
 15902 | Lair:5   | 15902 ||| FLEEEEING.
 15903 | Lair:5   | 15903 ||| FLEEEEING.
 15904 | Lair:5   | 15904 ||| FLEEEEING.
 15905 | Lair:5   | 15905 ||| FLEEEEING.
 15906 | Lair:5   | 15906 ||| FLEEEEING.
 15907 | Lair:5   | 15907 ||| FLEEEEING.
 15908 | Lair:5   | 15908 ||| FLEEEEING.
 15910 | Lair:5   | 15910 ||| FLEEEEING.
 15911 | Lair:5   | 15911 ||| FLEEEEING.
 15912 | Lair:5   | 15912 ||| FLEEEEING.
 15914 | Lair:5   | 15914 ||| FLEEEEING.
 15915 | Lair:5   | 15915 ||| STAIRDANCE
 15985 | Lair:4   | 15985 ||| READING scroll labelled AVIYJE BAMPOMN.
 15986 | Lair:4   | 15986 ||| READING 4 scrolls of identify.
 15986 | Lair:4   | 15986 ||| IDENTIFYING lumpy pink potion
 15987 | Lair:4   | 15987 ||| READING 3 scrolls of identify.
 15987 | Lair:4   | 15987 ||| IDENTIFYING brown potion
 15988 | Lair:4   | 15988 ||| DROPPING potion of berserk rage.
 15989 | Lair:4   | 15989 ||| DROPPING potion of flight.
 15992 | Lair:5   | 15992 ||| INVOKING Berserk.
 15995 | Lair:5   | Killed Snorg
 16000 | Lair:5   | 16000 ||| STAIRDANCE
 16300 | Lair:5   | Reached skill level 6 in Dodging
 16518 | Lair:5   | Found a staircase to the Slime Pits.
 16519 | Lair:5   | 16519 ||| FLEEEEING.
 16520 | Lair:5   | 16520 ||| FLEEEEING.
 16629 | Lair:5   | 16629 ||| FLEEEEING.
 16630 | Lair:5   | 16630 ||| FLEEEEING.
 16689 | Lair:5   | 16689 ||| FLEEEEING.
 16789 | Lair:5   | 16789 ||| INVOKING Berserk.
 16802 | Lair:5   | Reached skill level 15 in Shields
 17040 | Lair:5   | Found a runed translucent door.
 17042 | Lair:5   | 17042 ||| INVOKING Berserk.
 17188 | Lair:5   | 17188 ||| FLEEEEING.
 17189 | Lair:5   | 17189 ||| FLEEEEING.
 17190 | Lair:5   | 17190 ||| FLEEEEING.
 17191 | Lair:5   | 17191 ||| FLEEEEING.
 17192 | Lair:5   | 17192 ||| FLEEEEING.
 17193 | Lair:5   | 17193 ||| FLEEEEING.
 17194 | Lair:5   | 17194 ||| FLEEEEING.
 17195 | Lair:5   | 17195 ||| FLEEEEING.
 17196 | Lair:5   | 17196 ||| FLEEEEING.
 17197 | Lair:5   | 17197 ||| FLEEEEING.
 17198 | Lair:5   | 17198 ||| FLEEEEING.
 17201 | Lair:5   | 17201 ||| FLEEEEING.
 17202 | Lair:5   | 17202 ||| FLEEEEING.
 17203 | Lair:5   | 17203 ||| FLEEEEING.
 17204 | Lair:5   | 17204 ||| FLEEEEING.
 17205 | Lair:5   | 17205 ||| FLEEEEING.
 17206 | Lair:5   | 17206 ||| FLEEEEING.
 17208 | Lair:5   | 17208 ||| INVOKING Berserk.
 17348 | Lair:5   | 17348 ||| Stepping ~*~*~tactically~*~*~ (stealth).
 17349 | Lair:5   | 17349 ||| Stepping ~*~*~tactically~*~*~ (stealth).
 17354 | Lair:5   | 17354 ||| INVOKING Berserk.
 17582 | Lair:5   | 17582 ||| FLEEEEING.
 17584 | Lair:5   | 17584 ||| FLEEEEING.
 17585 | Lair:5   | 17585 ||| FLEEEEING.
 17586 | Lair:5   | 17586 ||| FLEEEEING.
 17587 | Lair:5   | 17587 ||| FLEEEEING.
 17588 | Lair:5   | 17588 ||| FLEEEEING.
 17589 | Lair:5   | 17589 ||| FLEEEEING.
 17590 | Lair:5   | 17590 ||| FLEEEEING.
 17592 | Lair:5   | 17592 ||| FLEEEEING.
 17594 | Lair:5   | 17594 ||| INVOKING Berserk.
 17727 | Lair:5   | 17727 ||| INVOKING Berserk.
 17875 | Lair:5   | 17875 ||| PLANNING D:1-11
 18072 | D:9      | Found a staircase to the Orcish Mines.
 18168 | D:9      | Found an ornate altar of the Wu Jian Council.
 18349 | D:9      | 18349 ||| Stepping ~*~*~tactically~*~*~ (hiding).
 18644 | D:9      | 18644 ||| Stepping ~*~*~tactically~*~*~ (stealth).
 18684 | D:9      | 18684 ||| Stepping ~*~*~tactically~*~*~ (hiding).
 19046 | D:9      | 19046 ||| INVOKING Brothers in Arms.
 19049 | D:9      | 19049 ||| SWAPPING to +2 flail of draining.
 19050 | D:9      | 19050 ||| INVOKING Berserk.
 19062 | D:9      | 19062 ||| SWAPPING to +6 war axe of freezing.
 19144 | D:9      | Identified the ring of Stoicism {rPois rC+ rN+ Will+ Int-2}
 19148 | D:9      | 19148 ||| Stepping ~*~*~tactically~*~*~ (hiding).
 19164 | D:9      | 19164 ||| INVOKING Berserk.
 19486 | D:9      | 19486 ||| Stepping ~*~*~tactically~*~*~ (stealth).
 19492 | D:9      | 19492 ||| INVOKING Berserk.
 19715 | D:9      | 19715 ||| DROPPING ring of willpower.
 19716 | D:9      | 19716 ||| UPGRADING to ring of Stoicism {rPois rC+ rN+
                  | Will+ Int-2}.
 19718 | D:9      | 19718 ||| REMOVING ring of poison resistance.
 19719 | D:9      | 19719 ||| DROPPING ring of poison resistance.
 19720 | D:9      | 19720 ||| UPGRADING to +6 ring of dexterity.
 19721 | D:9      | 19721 ||| UPGRADING to +4 ring of evasion.
 19772 | D:10     | Entered Level 10 of the Dungeon
 19772 | D:10     | Found a white marble altar of Elyvilon.
 19776 | D:10     | Found a sparkling altar of Nemelex Xobeh.
 19843 | D:10     | 19843 ||| Stepping ~*~*~tactically~*~*~ (stealth).
 19844 | D:10     | 19844 ||| Stepping ~*~*~tactically~*~*~ (stealth).
 19849 | D:10     | 19849 ||| Stepping ~*~*~tactically~*~*~ (hiding).
 19850 | D:10     | 19850 ||| Stepping ~*~*~tactically~*~*~ (hiding).
 20133 | D:10     | 20133 ||| FLEEEEING.
 20141 | D:10     | 20141 ||| FLEEEEING.
 20142 | D:10     | 20142 ||| FLEEEEING.
 20143 | D:10     | 20143 ||| FLEEEEING.
 20144 | D:10     | 20144 ||| FLEEEEING.
 20149 | D:10     | 20149 ||| STAIRDANCE
 20618 | D:10     | 20618 ||| READING scroll of enchant armour.
 20618 | D:10     | 20618 ||| ENCHANTING +0 pair of boots.
 20921 | D:11     | 20921 ||| Stepping ~*~*~tactically~*~*~ (hiding).
 21354 | D:11     | Reached ***** piety under Trog
 21357 | D:11     | 21357 ||| Stepping ~*~*~tactically~*~*~ (stealth).
 21360 | D:11     | 21360 ||| Stepping ~*~*~tactically~*~*~ (stealth).
 21361 | D:11     | 21361 ||| Stepping ~*~*~tactically~*~*~ (stealth).
 21403 | D:11     | Noticed Sonja
 21404 | D:11     | 21404 ||| INVOKING Brothers in Arms.
 21405 | D:11     | 21405 ||| INVOKING Brothers in Arms.
 21406 | D:11     | Noticed Lodul
 21407 | D:11     | Killed Sonja
 21408 | D:11     | You fall into a shaft and drop 2 floors!
 21629 | D:13     | 21629 ||| READING scroll of enchant armour.
 21629 | D:13     | 21629 ||| ENCHANTING +1 pair of boots.
 21696 | D:13     | 21696 ||| DROPPING +2 flail of draining.
 21738 | D:13     | Noticed Frances
 21739 | D:13     | 21739 ||| Stepping ~*~*~tactically~*~*~ (hiding).
 21746 | D:13     | 21746 ||| INVOKING Berserk.
 21764 | D:13     | Killed Frances
 21887 | D:13     | 21887 ||| DROPPING ring of resist corrosion.
 21888 | D:13     | 21888 ||| READING scroll labelled BOHEXIC CANELO.
 21889 | D:13     | 21889 ||| DRINKING 2 viscous coppery potions.
 21990 | D:13     | 21990 ||| DROPPING potion of ambrosia.
 21998 | D:12     | 21998 ||| INVOKING Brothers in Arms.
 22000 | D:12     | 22000 ||| SWAPPING to +0 morningstar.
 22001 | D:12     | 22001 ||| INVOKING Berserk.
 22010 | D:12     | 22010 ||| SWAPPING to +6 war axe of freezing.
 22125 | D:12     | Reached XP level 15. HP: 144/147 MP: 14/14
 22135 | D:12     | Noticed Josephine
 22145 | D:12     | Killed Josephine
 22175 | D:12     | 22175 ||| Stepping ~*~*~tactically~*~*~ (stealth).
 22178 | D:12     | 22178 ||| Stepping ~*~*~tactically~*~*~ (stealth).
 22179 | D:12     | 22179 ||| Stepping ~*~*~tactically~*~*~ (stealth).
 22564 | D:12     | 22564 ||| READING scroll labelled XUISUN PECLY.
 22615 | D:11     | 22615 ||| Stepping ~*~*~tactically~*~*~ (hiding).
 22688 | D:11     | 22688 ||| INVOKING Brothers in Arms.
 22689 | D:11     | 22689 ||| INVOKING Berserk.
 22693 | D:11     | Killed Lodul
 22976 | D:11     | 22976 ||| SWAPPING to +0 morningstar.
 22978 | D:11     | 22978 ||| INVOKING Berserk.
 22987 | D:11     | 22987 ||| FLEEEEING.
 22988 | D:11     | 22988 ||| FLEEEEING.
 22989 | D:11     | 22989 ||| FLEEEEING.
 22990 | D:11     | 22990 ||| FLEEEEING.
 22991 | D:11     | 22991 ||| FLEEEEING.
 22992 | D:11     | 22992 ||| FLEEEEING.
 22993 | D:11     | 22993 ||| FLEEEEING.
 22994 | D:11     | 22994 ||| FLEEEEING.
 22995 | D:11     | 22995 ||| FLEEEEING.
 22996 | D:11     | 22996 ||| FLEEEEING.
 22997 | D:11     | 22997 ||| SWAPPING to +6 spectral war axe.
 23000 | D:11     | 23000 ||| FLEEEEING.
 23001 | D:11     | 23001 ||| FLEEEEING.
 23002 | D:11     | 23002 ||| FLEEEEING.
 23005 | D:11     | 23005 ||| FLEEEEING.
 23006 | D:11     | 23006 ||| FLEEEEING.
 23008 | D:11     | 23008 ||| STAIRDANCE
 23127 | D:10     | 23127 ||| READING 4 scrolls of identify.
 23127 | D:10     | 23127 ||| IDENTIFYING silvery potion
 23128 | D:10     | 23128 ||| DROPPING potion of degeneration.
 23177 | D:11     | 23177 ||| PLANNING D
 23399 | D:12     | Noticed Erolcha
 23401 | D:12     | 23401 ||| INVOKING Trog's Hand.
 23413 | D:12     | Killed Erolcha
 23468 | D:12     | 23468 ||| DROPPING +6 ring of intelligence.
 23517 | D:13     | 23517 ||| INVOKING Berserk.
 23581 | D:13     | 23581 ||| Stepping ~*~*~tactically~*~*~ (stealth).
 23582 | D:13     | 23582 ||| Stepping ~*~*~tactically~*~*~ (hiding).
 23593 | D:13     | 23593 ||| FLEEEEING.
 23594 | D:13     | 23594 ||| FLEEEEING.
 23595 | D:13     | 23595 ||| FLEEEEING.
 23596 | D:13     | 23596 ||| FLEEEEING.
 23597 | D:13     | 23597 ||| FLEEEEING.
 23598 | D:13     | 23598 ||| FLEEEEING.
 23599 | D:13     | 23599 ||| FLEEEEING.
 23600 | D:13     | 23600 ||| FLEEEEING.
 23601 | D:13     | 23601 ||| FLEEEEING.
 23602 | D:13     | 23602 ||| FLEEEEING.
 23603 | D:13     | 23603 ||| FLEEEEING.
 23607 | D:13     | 23607 ||| FLEEEEING.
 23608 | D:13     | 23608 ||| FLEEEEING.
 23610 | D:13     | 23610 ||| Stepping ~*~*~tactically~*~*~ (hiding).
 23612 | D:13     | 23612 ||| INVOKING Berserk.
 23935 | D:13     | Reached skill level 3 in Throwing
 24011 | D:13     | 24011 ||| Stepping ~*~*~tactically~*~*~ (stealth).
 24012 | D:13     | 24012 ||| Stepping ~*~*~tactically~*~*~ (stealth).
 24013 | D:13     | 24013 ||| Stepping ~*~*~tactically~*~*~ (stealth).
 24419 | D:14     | 24419 ||| Stepping ~*~*~tactically~*~*~ (hiding).
 24421 | D:14     | 24421 ||| Stepping ~*~*~tactically~*~*~ (hiding).
 24489 | D:14     | 24489 ||| Stepping ~*~*~tactically~*~*~ (stealth).
 24499 | D:14     | Reached skill level 18 in Fighting
 24545 | D:14     | 24545 ||| Stepping ~*~*~tactically~*~*~ (stealth).
 24553 | D:14     | 24553 ||| Stepping ~*~*~tactically~*~*~ (hiding).
 24678 | D:14     | Found a gate to the Vaults.
 24679 | D:14     | Noticed Urug
 24685 | D:14     | 24685 ||| INVOKING Trog's Hand.
 24686 | D:14     | 24686 ||| INVOKING Berserk.
 24690 | D:14     | Reached skill level 15 in Armour
 24703 | D:14     | Killed Urug
 24937 | D:14     | 24937 ||| Stepping ~*~*~tactically~*~*~ (stealth).
 25075 | D:14     | 25075 ||| INVOKING Brothers in Arms.
 25077 | D:14     | 25077 ||| SWAPPING to +0 morningstar.
 25078 | D:14     | 25078 ||| INVOKING Berserk.
 25083 | D:14     | 25083 ||| SWAPPING to +6 spectral war axe.
 25241 | D:14     | 25241 ||| INVOKING Brothers in Arms.
 25242 | D:14     | 25242 ||| SWAPPING to +0 morningstar.
 25243 | D:14     | 25243 ||| INVOKING Berserk.
 25251 | D:14     | 25251 ||| SWAPPING to +6 spectral war axe.
 25468 | D:14     | 25468 ||| Stepping ~*~*~tactically~*~*~ (hiding).
 25470 | D:14     | 25470 ||| INVOKING Berserk.
 25585 | D:14     | 25585 ||| Stepping ~*~*~tactically~*~*~ (hiding).
 25590 | D:14     | 25590 ||| INVOKING Berserk.
 25777 | D:14     | 25777 ||| Stepping ~*~*~tactically~*~*~ (hiding).
 25778 | D:14     | 25778 ||| Stepping ~*~*~tactically~*~*~ (hiding).
 25780 | D:14     | 25780 ||| Stepping ~*~*~tactically~*~*~ (hiding).
 25787 | D:14     | 25787 ||| INVOKING Berserk.
 25998 | D:15     | Entered Level 15 of the Dungeon
 25999 | D:15     | 25999 ||| STAIRDANCE
 26107 | D:15     | 26107 ||| STAIRDANCE
 26140 | D:15     | 26140 ||| STAIRDANCE
 26144 | D:14     | Reached skill level 6 in Throwing
 26176 | D:15     | 26176 ||| STAIRDANCE
 26200 | D:15     | 26200 ||| Stepping ~*~*~tactically~*~*~ (stealth).
 26201 | D:15     | 26201 ||| Stepping ~*~*~tactically~*~*~ (stealth).
 26216 | D:15     | 26216 ||| Stepping ~*~*~tactically~*~*~ (stealth).
 26217 | D:15     | 26217 ||| Stepping ~*~*~tactically~*~*~ (stealth).
 26232 | D:15     | 26232 ||| Stepping ~*~*~tactically~*~*~ (stealth).
 26236 | D:15     | 26236 ||| Stepping ~*~*~tactically~*~*~ (stealth).
 26266 | D:15     | 26266 ||| Stepping ~*~*~tactically~*~*~ (stealth).
 26272 | D:15     | 26272 ||| INVOKING Berserk.
 26517 | D:15     | Found Ennaef Xeosa's Jewellery Shoppe.
 26521 | D:15     | 26521 ||| BUYING amulet of reflection (420 gold).
 26521 | D:15     | Bought an amulet of reflection for 420 gold pieces
 26521 | D:15     | 26521 ||| BUYING ring "Tikhliosa" {rPois rF++ rC+ Dex+4
                  | Slay-3} (693 gold).
 26521 | D:15     | Bought the ring "Tikhliosa" {rPois rF++ rC+ Dex+4 Slay-3}
                  | for 693 gold pieces
 26521 | D:15     | 26521 ||| BUYING ring of fire (350 gold).
 26521 | D:15     | Bought a ring of fire for 350 gold pieces
 26521 | D:15     | 26521 ||| BUYING ring of see invisible (210 gold).
 26521 | D:15     | Bought a ring of see invisible for 210 gold pieces
 26563 | D:15     | 26563 ||| Stepping ~*~*~tactically~*~*~ (stealth).
 26564 | D:15     | 26564 ||| Stepping ~*~*~tactically~*~*~ (stealth).
 26571 | D:15     | 26571 ||| Stepping ~*~*~tactically~*~*~ (stealth).
 26577 | D:15     | 26577 ||| Stepping ~*~*~tactically~*~*~ (stealth).
 26581 | D:15     | 26581 ||| INVOKING Berserk.
 26721 | D:15     | 26721 ||| FLEEEEING.
 26723 | D:15     | 26723 ||| FLEEEEING.
 26724 | D:15     | 26724 ||| FLEEEEING.
 26725 | D:15     | 26725 ||| FLEEEEING.
 26726 | D:15     | 26726 ||| FLEEEEING.
 26727 | D:15     | 26727 ||| FLEEEEING.
 26728 | D:15     | 26728 ||| FLEEEEING.
 26729 | D:15     | 26729 ||| FLEEEEING.
 26730 | D:15     | 26730 ||| FLEEEEING.
 26731 | D:15     | 26731 ||| FLEEEEING.
 26732 | D:15     | 26732 ||| FLEEEEING.
 26733 | D:15     | 26733 ||| FLEEEEING.
 26734 | D:15     | 26734 ||| FLEEEEING.
 26735 | D:15     | 26735 ||| FLEEEEING.
 26736 | D:15     | 26736 ||| FLEEEEING.
 26737 | D:15     | 26737 ||| FLEEEEING.
 26738 | D:15     | 26738 ||| FLEEEEING.
 26739 | D:15     | 26739 ||| FLEEEEING.
 26740 | D:15     | 26740 ||| FLEEEEING.
 26741 | D:15     | 26741 ||| FLEEEEING.
 26742 | D:15     | 26742 ||| FLEEEEING.
 26743 | D:15     | 26743 ||| FLEEEEING.
 26744 | D:15     | 26744 ||| FLEEEEING.
 26745 | D:15     | 26745 ||| FLEEEEING.
 26746 | D:15     | 26746 ||| FLEEEEING.
 26747 | D:15     | 26747 ||| FLEEEEING.
 26748 | D:15     | 26748 ||| FLEEEEING.
 26749 | D:15     | 26749 ||| FLEEEEING.
 26750 | D:15     | 26750 ||| FLEEEEING.
 26751 | D:15     | 26751 ||| FLEEEEING.
 26752 | D:15     | 26752 ||| FLEEEEING.
 26757 | D:15     | 26757 ||| INVOKING Trog's Hand.
 26767 | D:15     | 26767 ||| FLEEEEING.
 26768 | D:15     | 26768 ||| FLEEEEING.
 26769 | D:15     | 26769 ||| FLEEEEING.
 26773 | D:15     | 26773 ||| FLEEEEING.
 26774 | D:15     | 26774 ||| FLEEEEING.
 26775 | D:15     | 26775 ||| FLEEEEING.
 26776 | D:15     | 26776 ||| FLEEEEING.
 26777 | D:15     | 26777 ||| FLEEEEING.
 26785 | D:15     | 26785 ||| FLEEEEING.
 26794 | D:15     | 26794 ||| Stepping ~*~*~tactically~*~*~ (stealth).
 26795 | D:15     | 26795 ||| Stepping ~*~*~tactically~*~*~ (stealth).
 26802 | D:15     | 26802 ||| FLEEEEING.
 26803 | D:15     | 26803 ||| FLEEEEING.
 26804 | D:15     | 26804 ||| FLEEEEING.
 26806 | D:15     | 26806 ||| FLEEEEING.
 26807 | D:15     | 26807 ||| FLEEEEING.
 26808 | D:15     | 26808 ||| FLEEEEING.
 26809 | D:15     | 26809 ||| FLEEEEING.
 26810 | D:15     | 26810 ||| FLEEEEING.
 26811 | D:15     | 26811 ||| FLEEEEING.
 26812 | D:15     | 26812 ||| FLEEEEING.
 26813 | D:15     | 26813 ||| FLEEEEING.
 26814 | D:15     | 26814 ||| FLEEEEING.
 26815 | D:15     | 26815 ||| FLEEEEING.
 26816 | D:15     | 26816 ||| FLEEEEING.
 26883 | D:15     | 26883 ||| Stepping ~*~*~tactically~*~*~ (stealth).
 26885 | D:15     | 26885 ||| Stepping ~*~*~tactically~*~*~ (stealth).
 26891 | D:15     | 26891 ||| Stepping ~*~*~tactically~*~*~ (stealth).
 27083 | D:15     | Found a sacrificial altar of Ru.
 27283 | D:15     | 27283 ||| FLEEEEING.
 27284 | D:15     | 27284 ||| FLEEEEING.
 27285 | D:15     | 27285 ||| FLEEEEING.
 27286 | D:15     | 27286 ||| FLEEEEING.
 27288 | D:15     | 27288 ||| FLEEEEING.
 27292 | D:15     | 27292 ||| FLEEEEING.
 27293 | D:15     | 27293 ||| FLEEEEING.
 27294 | D:15     | 27294 ||| FLEEEEING.
 27299 | D:15     | 27299 ||| FLEEEEING.
 27300 | D:15     | 27300 ||| FLEEEEING.
 27304 | D:15     | 27304 ||| FLEEEEING.
 27305 | D:15     | 27305 ||| FLEEEEING.
 27306 | D:15     | 27306 ||| FLEEEEING.
 27307 | D:15     | 27307 ||| FLEEEEING.
 27319 | D:15     | 27319 ||| FLEEEEING.
 27320 | D:15     | 27320 ||| FLEEEEING.
 27321 | D:15     | 27321 ||| FLEEEEING.
 27322 | D:15     | 27322 ||| FLEEEEING.
 27327 | D:15     | 27327 ||| FLEEEEING.
 27328 | D:15     | 27328 ||| FLEEEEING.
 27334 | D:15     | 27334 ||| FLEEEEING.
 27335 | D:15     | 27335 ||| FLEEEEING.
 27336 | D:15     | 27336 ||| FLEEEEING.
 27337 | D:15     | 27337 ||| FLEEEEING.
 27338 | D:15     | 27338 ||| FLEEEEING.
 27342 | D:15     | 27342 ||| INVOKING Berserk.
 27358 | D:15     | Reached XP level 16. HP: 96/159 MP: 11/15
 27578 | D:15     | Found a staircase to the Depths.
 27605 | D:15     | 27605 ||| PLANNING ORC
 27605 | D:15     | 27605 ||| UPGRADING to amulet of reflection.
 27615 | D:15     | 27615 ||| DROPPING amulet of guardian spirit.
 27616 | D:15     | 27616 ||| UPGRADING to ring "Tikhliosa" {rPois rF++ rC+
                  | Dex+4 Slay-3}.
 27618 | D:15     | 27618 ||| READING scroll labelled LAUTUNKIDGH.
 27618 | D:15     | Identified a scroll of acquirement
 27618 | D:15     | 27618 ||| ACQUIRING +7 broad axe of Infinity {vorpal, rPois
                  | Will+ Str-4 Dex+7}
 27618 | D:15     | Acquired the +7 broad axe of Infinity {vorpal, rPois Will+
                  | Str-4 Dex+7}
 27620 | D:15     | 27620 ||| SWAPPING to +7 broad axe of Infinity {vorpal,
                  | rPois Will+ Str-4 Dex+7}.
 27621 | D:15     | 27621 ||| DROPPING +6 spectral war axe.
 27796 | Orc:1    | Entered Level 1 of the Orcish Mines
 27852 | Orc:1    | 27852 ||| INVOKING Berserk.
 27993 | Orc:1    | 27993 ||| INVOKING Berserk.
 28316 | Orc:2    | Entered Level 2 of the Orcish Mines
 28344 | Orc:2    | 28344 ||| STAIRDANCE
 28492 | Orc:2    | 28492 ||| Stepping ~*~*~tactically~*~*~ (hiding).
 28516 | Orc:2    | 28516 ||| INVOKING Berserk.
 28711 | Orc:2    | 28711 ||| Stepping ~*~*~tactically~*~*~ (stealth).
 28713 | Orc:2    | 28713 ||| INVOKING Brothers in Arms.
 28716 | Orc:2    | 28716 ||| INVOKING Berserk.
 28988 | Orc:2    | 28988 ||| INVOKING Trog's Hand.
 28991 | Orc:2    | 28991 ||| INVOKING Berserk.
 29139 | Orc:2    | 29139 ||| INVOKING Trog's Hand.
 29141 | Orc:2    | 29141 ||| INVOKING Berserk.
 29261 | Orc:2    | 29261 ||| INVOKING Berserk.
 29275 | Orc:2    | Found Eniogg's Antique Armour Shop.
 29414 | Orc:2    | Found Edgheseps's Book Shop.
 29425 | Orc:2    | 29425 ||| BUYING embroidered scarf (136 gold).
 29425 | Orc:2    | Bought an embroidered scarf for 136 gold pieces
 29439 | Orc:2    | 29439 ||| Stepping ~*~*~tactically~*~*~ (hiding).
 29440 | Orc:2    | 29440 ||| Stepping ~*~*~tactically~*~*~ (hiding).
 29441 | Orc:2    | 29441 ||| Stepping ~*~*~tactically~*~*~ (hiding).
 29443 | Orc:2    | 29443 ||| Stepping ~*~*~tactically~*~*~ (hiding).
 29444 | Orc:2    | 29444 ||| INVOKING Berserk.
 29455 | Orc:2    | 29455 ||| INVOKING Trog's Hand.
 29482 | Orc:2    | 29482 ||| INVOKING Trog's Hand.
 29499 | Orc:2    | 29499 ||| FLEEEEING.
 29500 | Orc:2    | 29500 ||| FLEEEEING.
 29501 | Orc:2    | 29501 ||| FLEEEEING.
 29502 | Orc:2    | 29502 ||| FLEEEEING.
 29503 | Orc:2    | 29503 ||| FLEEEEING.
 29504 | Orc:2    | 29504 ||| FLEEEEING.
 29505 | Orc:2    | 29505 ||| FLEEEEING.
 29506 | Orc:2    | 29506 ||| FLEEEEING.
 29507 | Orc:2    | 29507 ||| FLEEEEING.
 29509 | Orc:2    | 29509 ||| FLEEEEING.
 29510 | Orc:2    | 29510 ||| FLEEEEING.
 29511 | Orc:2    | 29511 ||| FLEEEEING.
 29513 | Orc:2    | 29513 ||| FLEEEEING.
 29514 | Orc:2    | 29514 ||| FLEEEEING.
 29515 | Orc:2    | 29515 ||| FLEEEEING.
 29516 | Orc:2    | 29516 ||| FLEEEEING.
 29517 | Orc:2    | 29517 ||| FLEEEEING.
 29518 | Orc:2    | 29518 ||| FLEEEEING.
 29519 | Orc:2    | 29519 ||| FLEEEEING.
 29520 | Orc:2    | 29520 ||| FLEEEEING.
 29521 | Orc:2    | 29521 ||| FLEEEEING.
 29522 | Orc:2    | 29522 ||| FLEEEEING.
 29523 | Orc:2    | 29523 ||| FLEEEEING.
 29524 | Orc:2    | 29524 ||| FLEEEEING.
 29526 | Orc:2    | 29526 ||| FLEEEEING.
 29527 | Orc:2    | 29527 ||| FLEEEEING.
 29528 | Orc:2    | 29528 ||| FLEEEEING.
 29529 | Orc:2    | 29529 ||| FLEEEEING.
 29530 | Orc:2    | 29530 ||| FLEEEEING.
 29531 | Orc:2    | 29531 ||| FLEEEEING.
 29532 | Orc:2    | 29532 ||| FLEEEEING.
 29533 | Orc:2    | 29533 ||| FLEEEEING.
 29534 | Orc:2    | 29534 ||| FLEEEEING.
 29535 | Orc:2    | 29535 ||| FLEEEEING.
 29536 | Orc:2    | 29536 ||| FLEEEEING.
 29537 | Orc:2    | 29537 ||| FLEEEEING.
 29538 | Orc:2    | 29538 ||| FLEEEEING.
 29539 | Orc:2    | 29539 ||| FLEEEEING.
 29540 | Orc:2    | 29540 ||| FLEEEEING.
 29541 | Orc:2    | 29541 ||| FLEEEEING.
 29542 | Orc:2    | 29542 ||| FLEEEEING.
 29543 | Orc:2    | 29543 ||| FLEEEEING.
 29544 | Orc:2    | 29544 ||| FLEEEEING.
 29545 | Orc:2    | 29545 ||| FLEEEEING.
 29546 | Orc:2    | 29546 ||| FLEEEEING.
 29547 | Orc:2    | 29547 ||| FLEEEEING.
 29549 | Orc:2    | 29549 ||| FLEEEEING.
 29550 | Orc:2    | 29550 ||| FLEEEEING.
 29551 | Orc:2    | 29551 ||| FLEEEEING.
 29552 | Orc:2    | 29552 ||| FLEEEEING.
 29553 | Orc:2    | 29553 ||| FLEEEEING.
 29554 | Orc:2    | 29554 ||| FLEEEEING.
 29555 | Orc:2    | 29555 ||| STAIRDANCE
 29753 | Orc:1    | 29753 ||| UPGRADING to scarf of resistance.
 29763 | Orc:1    | 29763 ||| UPGRADING to ring of Stoicism {rPois rC+ rN+
                  | Will+ Int-2}.
 29798 | Orc:2    | Found a staircase to the Elven Halls.
 29899 | Orc:2    | Found Tigowkim's Magic Scroll Shoppe.
 29905 | Orc:2    | 29905 ||| BUYING scroll of identify (20 gold).
 29905 | Orc:2    | Bought a scroll of identify for 20 gold pieces
 29905 | Orc:2    | 29905 ||| BUYING scroll of identify (20 gold).
 29905 | Orc:2    | Bought a scroll of identify for 20 gold pieces
 29905 | Orc:2    | 29905 ||| BUYING scroll of identify (20 gold).
 29905 | Orc:2    | Bought a scroll of identify for 20 gold pieces
 29905 | Orc:2    | 29905 ||| BUYING scroll of teleportation (30 gold).
 29905 | Orc:2    | Bought a scroll of teleportation for 30 gold pieces
 29936 | Orc:2    | 29936 ||| INVOKING Trog's Hand.
 29938 | Orc:2    | 29938 ||| INVOKING Berserk.
 29953 | Orc:2    | Reached skill level 18 in Axes
 29959 | Orc:2    | Found Jeren's Jewellery Boutique.
 30087 | Orc:2    | 30087 ||| BUYING +6 ring of strength (396 gold).
 30087 | Orc:2    | Bought a +6 ring of strength for 396 gold pieces
 30087 | Orc:2    | 30087 ||| SHOPLISTING ring of protection from fire (275
                  | gold, have 114).
 30212 | Orc:2    | 30212 ||| UPGRADING to +4 plate armour.
 30222 | Orc:2    | 30222 ||| DROPPING +4 chain mail.
 30223 | Orc:2    | 30223 ||| DROPPING +6 ring of dexterity.
 30402 | Orc:1    | 30402 ||| PLANNING SPIDER:1-3
 30533 | Spider:1 | Entered Level 1 of the Spider Nest
 30536 | Spider:1 | 30536 ||| Stepping ~*~*~tactically~*~*~ (stealth).
 30538 | Spider:1 | 30538 ||| Stepping ~*~*~tactically~*~*~ (hiding).
 30639 | Spider:1 | 30639 ||| INVOKING Berserk.
 30769 | Spider:1 | 30769 ||| Stepping ~*~*~tactically~*~*~ (hiding).
 30772 | Spider:1 | 30772 ||| Stepping ~*~*~tactically~*~*~ (hiding).
 30774 | Spider:1 | 30774 ||| INVOKING Brothers in Arms.
 30786 | Spider:1 | Reached skill level 9 in Dodging
 30845 | Spider:1 | 30845 ||| INVOKING Berserk.
 31115 | Spider:1 | 31115 ||| INVOKING Berserk.
 31272 | Spider:1 | 31272 ||| Stepping ~*~*~tactically~*~*~ (stealth).
 31440 | Spider:1 | 31440 ||| INVOKING Brothers in Arms.
 31479 | Spider:1 | 31479 ||| INVOKING Brothers in Arms.
 31480 | Spider:1 | 31480 ||| INVOKING Brothers in Arms.
 31481 | Spider:1 | 31481 ||| INVOKING Brothers in Arms.
 31586 | Spider:1 | 31586 ||| INVOKING Berserk.
 31590 | Spider:1 | HP: 56/238 [spark wasp (7)]
 31594 | Spider:1 | HP: 21/238 [electric eel/bolt of electricity (8)]
 31596 | Spider:1 | HP: 10/238 [electric eel/bolt of electricity (12)]
 31596 | Spider:1 | Killed from afar by an electric eel

Levels and vault maps discovered:
D:1:      evilmike_arrival_home_sweet_home, layout_basic
D:2:      wander_river, layout_basic, chequers_ecumenical_altar_simple,
          nicolae_kite_square_tiling_tiny, kennysheep_crisscross,
          minmay_lizard_king, uniq_terence, uniq_crazy_yiuf_cottage
D:3:      minmay_inner_zag, layout_basic, serial_corexii_hall,
          chequers_hall_statues_corner_a, corexii_hall_statues_u,
          ebering_ghost_gozag
D:4:      layout_cave_pools, tgw_kikubaaqudgha, uniq_blork_the_orc
D:5:      nicolae_BIG_FREAKIN_CUBE, layout_loops_corners,
          nicolae_tso_swordbearing_angel, uniq_sigmund, uniq_eustachio
D:6:      minmay_flawed_box, layout_loops_ring, mainiacjoe_overflow_brackets,
          nicolae_zen_rock_garden
D:7:      layout_cave_pools, minmay_temple_entry_arrows,
          chequers_hall_statues_corner_a, uniq_menkaure
D:8:      layout_rooms, grunt_lair_entry_orc_guard_hut
D:9:      nzn_winding_woodlands_large [nzn_winding_woodlands_5x5_closed_star,
          nzn_winding_woodlands_5x15_garden, nzn_winding_woodlands_hourglass,
          nzn_winding_woodlands_center_triple_pond,
          nzn_winding_woodlands_15x15_thick_spiral,
          nzn_winding_woodlands_center_lodge, nzn_winding_woodlands_5x5_cross,
          nzn_winding_woodlands_5x15_pool,
          nzn_winding_woodlands_5x5_checkerboard], layout_small_grid,
          general_overflow_altar, orc_0_dummy, corner_web_ring
D:10:     layout_basic, mainiacjoe_overflow_catwalk_spiral, nrook_mini_backslash
D:11:     layout_basic, kennysheep_generic_room_8, uniq_sonja, uniq_lodul
D:12:     layout_gridville, uniq_josephine, uniq_erolcha
D:13:     layout_basic, uniq_frances
D:14:     ragdoll_tomb_raider, layout_loops_ring, david_vaults_3, fountainhead,
          beargit_elvish_explorers
D:15:     grunt_enter_depths_snipers, layout_loops_ring,
          nicolae_ru_path_of_blood, serial_shops, nicolae_shop_behind_doors,
          corexii_hall_statues_l
Lair:1:   hellmonk_destroyed_diamonds, layout_chaotic_city, grunt_megastairs_5
Lair:2:   layout_hall_layers, minmay_shoals_entry_beasts,
          spider_nest_entry_rubble, roderic_batcave, uniq_erica
Lair:3:   layout_loops_ring
Lair:4:   layout_hall_layers
Lair:5:   hangedman_lair_in_review, layout_gridlike, wormcave,
          minmay_slime_entry_oklob_enclosed, nzn_masters_of_martial_movement,
          uniq_snorg
Spider:1: layout_cave_pods, nicolae_spider_bzzzt
Orc:1:    layout_caves, mines5_lemuel
Orc:2:    hellmonk_orc_salted, layout_caves, mines2_david

Skill      XL: |  1  2  3  4  5  6  7  8  9 10 11 12 13 14 15 16 |
---------------+-------------------------------------------------+-----
Axes           | 4 5 6 7 9 10 12 14 16 18 | 18.0
Shields        | 2 4 5 6 7 9 10 11 14 15 16 | 16.5
Fighting       | 4 5 6 7 8 10 14 17 18 | 18.5
Throwing       | 1 2 6 8 |  8.1
Dodging        | 3 5 6 7 9 |  9.3
Armour         | 5 6 9 12 13 15 16 | 16.0

Action                   |  1- 3 |  4- 6 |  7- 9 | 10-12 | 13-15 | 16-18 || total
-------------------------+-------+-------+-------+-------+-------+-------++-------
Melee: Hand axe          |    10 |       |       |       |       |       ||    10
       War axe           |    62 |   123 |   199 |   220 |   935 |     4 ||  1543
       Headbutt          |     5 |    11 |    37 |    30 |   211 |   117 ||   411
       Flail             |       |       |       |    10 |    14 |       ||    24
       Unarmed           |       |       |       |     5 |       |       ||     5
       Morningstar       |       |       |       |       |     9 |       ||     9
       Broad axe         |       |       |       |       |       |   414 ||   414
Throw: Boomerang         |    17 |    58 |    47 |    57 |    37 |    22 ||   238
       Javelin           |       |       |       |       |    23 |    18 ||    41
Invok: Berserk           |     1 |     4 |     9 |    12 |    36 |    13 ||    75
       Brothers in Arms  |       |       |       |     2 |     8 |     4 ||    14
       Trog's Hand       |       |       |       |       |     3 |     5 ||     8
  Use: Scroll            |     2 |     4 |     8 |     4 |    10 |     1 ||    29
       Potion            |       |     2 |     4 |     2 |     2 |       ||    10
 Stab: Petrified         |       |       |       |       |     2 |       ||     2
       Distracted        |       |       |       |       |     3 |       ||     3
Armor: Animal skin       |     8 |       |       |       |       |       ||     8
       Chain mail        |     7 |    19 |    30 |    87 |   378 |    36 ||   557
       Scale mail        |       |    41 |    45 |       |       |       ||    86
       Plate armour      |       |       |       |       |       |    72 ||    72
Dodge: Dodged            |    40 |    37 |    64 |    97 |   312 |   122 ||   672
Block: Kite shield       |     2 |    54 |    95 |    97 |   427 |   293 ||   968
       Reflection        |       |       |       |       |       |    12 ||    12

Table legend:
 A = Non-vault XP
 B = Vault XP
 C = Vault XP percentage of total XP
 D = Non-vault monster count
 E = Vault monster count
 F = Vault count percentage of total count
                 A         B        C        D         E       F
            +---------+---------+-------+---------+---------+-------
      Total |  117014 |   72082 |  38.1 |     580 |     228 |  28.2
            +---------+---------+-------+---------+---------+-------
        D:1 |      47 |       0 |   0.0 |      27 |       0 |   0.0
        D:2 |      76 |      37 |  32.7 |      20 |       6 |  23.1
        D:3 |     165 |       5 |   2.9 |      27 |       4 |  12.9
        D:4 |     218 |      96 |  30.6 |      11 |       1 |   8.3
        D:5 |     685 |     414 |  37.7 |      25 |       2 |   7.4
        D:6 |    1252 |     321 |  20.4 |      21 |       9 |  30.0
        D:7 |    1503 |     172 |  10.3 |      25 |       1 |   3.8
        D:8 |    2017 |     615 |  23.4 |      18 |       5 |  21.7
        D:9 |    2551 |    8894 |  77.7 |      32 |      24 |  42.9
       D:10 |    2787 |       0 |   0.0 |      24 |       0 |   0.0
       D:11 |    5722 |    2838 |  33.2 |      18 |      13 |  41.9
       D:12 |    5741 |    2776 |  32.6 |      21 |       7 |  25.0
       D:13 |    7042 |    1499 |  17.6 |      22 |       1 |   4.3
       D:14 |   14646 |   10472 |  41.7 |      25 |      29 |  53.7
       D:15 |    7275 |    2797 |  27.8 |      27 |       3 |  10.0
     Lair:1 |    2940 |     452 |  13.3 |      16 |       2 |  11.1
     Lair:2 |    4589 |    1918 |  29.5 |      23 |      13 |  36.1
     Lair:3 |    5518 |       0 |   0.0 |      18 |       0 |   0.0
     Lair:4 |    6499 |       0 |   0.0 |      15 |       0 |   0.0
     Lair:5 |   16056 |   17478 |  52.1 |      53 |      39 |  42.4
   Spider:1 |   23803 |    3027 |  11.3 |      71 |       4 |   5.3
      Orc:1 |    2345 |    1175 |  33.4 |      16 |      10 |  38.5
      Orc:2 |    3537 |   17096 |  82.9 |      25 |      55 |  68.8
            +---------+---------+-------+---------+---------+-------
